 Dungeon Crawl Stone Soup version 0.29.1-13-g9f3cf754e1 (webtiles) character file.

Game seed: 17600102313650770595

9685 Exodus22XD the Cleaver (level 11, -2/95 HPs)
             Began as a Minotaur Fighter on Feb 5, 2023.
             Was an Elder of the Shining One.
             Slain by a wyvern (14 damage)
             ... on level 11 of the Dungeon.
             The game lasted 00:25:52 (12518 turns).

Exodus22XD the Cleaver (Minotaur Fighter)          Turns: 12518, Time: 00:25:54

Health: -2/95      AC: 18    Str: 25    XL:     11   Next: 26%
Magic:  15/15      EV:  8    Int:  5    God:    the Shining One [****..]
Gold:   2178       SH: 10    Dex: 10    Spells: 10/10 levels left

rFire   + . .      SeeInvis .   a - +0 war axe
rCold   . . .      Faith    .   c - +0 buckler
rNeg    + + .      Spirit   .   N - +2 chain mail {rF+}
rPois   .          Reflect  +   f - +2 hat
rElec   .          Harm     .   (no cloak)
rCorr   .          Rampage  .   (no gloves)
Will    .....                   u - +1 pair of boots
Stlth   ..........              e - amulet of reflection
HPRegen 0.25/turn               (no ring)
MPRegen 0.14/turn               (no ring)

@: glowing
A: horns 2, retaliatory headbutt
a: Renounce Religion, Divine Shield, Cleansing Flame


You were on level 11 of the Dungeon.
You worshipped the Shining One.
The Shining One was greatly pleased with you.
You visited 2 branches of the dungeon, and saw 12 of its levels.
You also visited: Ossuary.

You collected 2620 gold pieces.
You spent 300 gold pieces at shops.
You donated 142 gold pieces to Zin.

Inventory:

Hand Weapons
 a - a +0 war axe (weapon)
 d - a +3 trident of freezing
 D - a +3 flail of protection
 F - a +2 vorpal battleaxe
Armour
 c - a +0 buckler (worn)
 f - a +2 hat (worn)
 u - a +1 pair of boots (worn)
 N - a +2 chain mail of fire resistance (worn)
Jewellery
 e - an amulet of reflection (around neck)
Wands
 w - a wand of flame (59)
 x - a wand of acid (13)
 y - a wand of roots (32)
 C - a wand of paralysis (30)
 J - a wand of mindburst (13)
Scrolls
 g - 2 scrolls of teleportation
 i - a scroll of blinking
 j - a scroll of torment
 k - 2 scrolls of poison
 m - 4 scrolls of fear
 n - 8 scrolls of enchant armour
 o - a scroll of amnesia {unknown}
 p - a scroll of magic mapping
 v - 2 scrolls of vulnerability {unknown}
 z - 6 scrolls of immolation {unknown}
 E - a scroll of silence {unknown}
 I - a scroll of butterflies {unknown}
 M - 2 scrolls of identify
Potions
 h - a potion of berserk rage {unknown}
 l - 6 potions of lignification
 q - 2 potions of cancellation
 r - a potion of magic {unknown}
 s - 3 potions of haste {unknown}
 t - 6 potions of curing
 A - 2 potions of mutation {unknown}
 B - a potion of brilliance {unknown}
 G - 2 potions of flight {unknown}
 L - a potion of ambrosia {unknown}


   Skills:
 + Level 8.7 Fighting
 + Level 12.4 Axes
 + Level 11.0 Armour
 + Level 7.4 Shields
 * Level 7.8 Invocations
 + Level 0.3 Evocations


You had 10 spell levels left.
You didn't know any spells.
Your spell library was empty.

Dungeon Overview and Level Annotations

Branches:
Dungeon (11/15)            Temple (1/1) D:6            Lair (0/5) D:10
    Orc (0/2) D:9         Ossuary (visited)

Altars:
Ashenzari
Cheibriados
Dithmenos
Elyvilon
Fedhas
Gozag
Hepliaklqana
Kikubaaqudgha
Makhleb
Nemelex Xobeh
Okawaru
Qazlal
Ru
Sif Muna
Trog
Uskayaw
Vehumet
Wu Jian
Xom
Yredelemnul
Zin
The Shining One

Shops:
D:4 =


Innate Abilities, Weirdness & Mutations

You have a pair of horns on your head.
You reflexively headbutt those who attack you in melee.


Message History

You block the centaur warrior zombie's attack.
You slice the centaur warrior zombie!!
You destroy the centaur warrior zombie!
The Shining One accepts your kill.
Your Armour skill increases to level 11!
A vampire comes into view.
A centaur warrior zombie comes into view.
You block the vampire's attack. x2
You hit the vampire.
The vampire is lightly damaged.
The vampire hits you!
* * * LOW HITPOINT WARNING * * *
The vampire bites you.
* * * LOW HITPOINT WARNING * * *
A vampire comes into view.
Okay, then.
Blink to where?
Press: ? - help, Dir - move target A shadow comes into view.
As you read the scroll of blinking, it crumbles to dust.
The wyvern hisses angrily.
The vampire gestures wildly while chanting.
The vampire flickers and vanishes for a moment.
The vampire points at you and mumbles some strange words.
You are confused.
The shadow slips into darkness.
The shadow flickers and vanishes for a moment.
In your confused state, you trip and fall back down the stairs.
* * * LOW HITPOINT WARNING * * *
The centaur warrior zombie barely misses you.
The centaur warrior zombie kicks you but does no damage.
The wyvern bites you! The Shining One protects you from harm!
You feel better.
The centaur warrior zombie closely misses you.
You furiously retaliate!
You headbutt the centaur warrior zombie.
The centaur warrior zombie completely misses you.
The wyvern bites you!
You die...

........#........).#≈#.#
.................)## #
#########..........#
#......###.###.
##...#.........
###.#.#.........
....#.W.V........
.............V...#
.........Z@.....:..
.........l........
............####..
..........## .
..........# ..........#
.........# ........#


You could see 2 vampires, a wyvern, a shadow (invisible) and a centaur warrior
zombie.

Vanquished Creatures
  A two-headed ogre (D:11)
  Lodul (D:10)
  A steelbarb worm (shapeshifter) (D:9)
  An ugly thing (D:10)
  A cyclops (D:9)
  2 centaur zombies (D:11)
  2 hornets (D:10)
  2 trolls
  Prince Ribbit (D:8)
  A shadow (D:10)
  2 wraiths (Ossuary)
  A wyvern (D:9)
  2 steam dragons (D:8)
  Edmund (D:6)
  An acid dragon (D:8)
  Duvessa (D:5)
  A water moccasin (D:7)
  2 orc warriors
  An ice beast (D:7)
  5 ogres (D:10)
  4 centaurs
  A phantom (D:6)
  2 necrophages
  4 bullfrogs
  3 scorpions
  5 wights
  Dowan (D:5)
  16 killer bees
  7 howler monkeys
  2 hounds (D:4)
  8 orc priests
  A gnoll bouda (D:6)
  An iguana (D:7)
  9 orc wizards
  A mummy (D:7)
  8 gnolls
  6 adders
  A shadow imp (D:8)
  An ufetubus (D:6)
  An adder zombie (Ossuary)
  2 worms
  3 dart slugs
  28 orcs
  4 bats
  5 endoplasms
  A giant cockroach (D:4)
  2 goblins (D:1)
  3 hobgoblins
  15 jackals
  15 kobolds
  4 quokkas
  4 ball pythons
  A ball python skeleton (Ossuary)
  2 frilled lizards (D:1)
  A hobgoblin skeleton (Ossuary)
  A kobold zombie (Ossuary)
  5 orc zombies (Ossuary)
  6 rats
214 creatures vanquished.

Vanquished Creatures (collateral kills)
  Erica (D:8)
1 creature vanquished.

Vanquished Creatures (others)
  4 withered plants (D:11)
4 creatures vanquished.

Grand Total: 219 creatures vanquished

Notes
Turn   | Place    | Note
-------+----------+-------------------------------------------
     0 | D:1      | Exodus22XD the Minotaur Fighter began the quest for the
                  | Orb.
     0 | D:1      | Reached XP level 1. HP: 19/19 MP: 0/0
    16 | D:1      | Found a faded altar of an unknown god.
    31 | D:1      | Prayed at the altar of an unknown god.
    31 | D:1      | Became a worshipper of Zin the Law-Giver
    31 | D:1      | Reached * piety under Zin
   152 | D:1      | Reached XP level 2. HP: 27/27 MP: 1/1
   282 | D:1      | You fall into a shaft and drop 1 floor!
   331 | D:1      | Reached ** piety under Zin
   851 | D:2      | Reached skill level 1 in Invocations
   851 | D:2      | Reached XP level 3. HP: 33/33 MP: 2/2
   901 | D:2      | Reached skill level 3 in Axes
  1281 | D:2      | Reached XP level 4. HP: 39/40 MP: 3/3
  1520 | D:2      | HP: 2/40 [gnoll/+0 club (3)]
  1882 | D:3      | Reached skill level 4 in Axes
  2270 | D:3      | Reached XP level 5. HP: 25/46 MP: 5/5
  2884 | D:4      | Reached skill level 5 in Axes
  2884 | D:4      | Reached XP level 6. HP: 32/53 MP: 6/6
  2910 | D:4      | Reached skill level 5 in Armour
  3032 | D:4      | Found a broken altar of Ashenzari.
  3404 | D:4      | Reached *** piety under Zin
  3598 | D:4      | Found Mugulili's Jewellery Shoppe.
  3662 | D:4      | Found a shadowy altar of Dithmenos.
  3704 | D:4      | Reached XP level 7. HP: 60/60 MP: 8/8
  3764 | D:5      | Entered Level 5 of the Dungeon
  4085 | D:5      | Found a radiant altar of Vehumet.
  4132 | D:5      | Noticed Duvessa
  4133 | D:5      | Noticed Dowan
  4145 | D:5      | Killed Duvessa
  4146 | D:5      | Reached skill level 5 in Fighting
  4146 | D:5      | Reached skill level 6 in Axes
  4158 | D:5      | Killed Dowan
  4734 | D:6      | Found a shimmering altar of Xom.
  4890 | D:6      | Reached skill level 7 in Axes
  5169 | D:6      | Found an ancient bone altar of Kikubaaqudgha.
  5239 | D:6      | Reached XP level 8. HP: 55/69 MP: 9/9
  5489 | D:6      | Noticed Edmund
  5506 | D:6      | Killed Edmund
  5720 | D:6      | Found a staircase to the Ecumenical Temple.
  5731 | Temple   | Entered the Ecumenical Temple
  6013 | D:7      | Reached **** piety under Zin
  6032 | D:7      | Found a sand-covered staircase.
  6038 | D:7      | Reached skill level 8 in Axes
  6041 | Ossuary  | Entered an ossuary
  6141 | Ossuary  | Noticed a flying skull
  6154 | Ossuary  | Noticed a flying skull
  6453 | Ossuary  | Noticed a flying skull
  6705 | D:7      | Reached skill level 5 in Shields
  7045 | D:7      | Reached skill level 9 in Axes
  7045 | D:7      | Reached XP level 9. HP: 75/76 MP: 11/11
  7305 | D:7      | Found a glowing golden altar of the Shining One.
  7449 | D:7      | Reached skill level 5 in Invocations
  7717 | D:7      | Found an ornate altar of the Wu Jian Council.
  8425 | D:8      | Identified 3 scrolls of acquirement
  8443 | D:8      | HP: 1/78 [acid dragon/splash of acid (28)]
  8955 | D:8      | Noticed Erica
  8963 | D:8      | Killed Erica
  8964 | D:8      | Reached skill level 10 in Axes
  9111 | D:8      | Reached ***** piety under Zin
  9326 | D:8      | Noticed Prince Ribbit
  9348 | D:8      | Found a blossoming altar of Fedhas.
  9709 | D:8      | Killed Prince Ribbit
  9715 | D:8      | Acquired 487 gold pieces
  9717 | D:8      | Acquired 863 gold pieces
  9718 | D:8      | Reached ****** piety under Zin
  9722 | D:8      | Acquired 575 gold pieces
  9816 | D:7      | Fell from the grace of Zin
  9816 | D:7      | Became a worshipper of the Shining One
  9816 | D:7      | Reached * piety under the Shining One
  9816 | D:7      | Reached ** piety under the Shining One
  9816 | D:7      | Reached *** piety under the Shining One
  9991 | D:4      | Bought an amulet of reflection for 300 gold pieces
 10268 | D:9      | Noticed a cyclops
 10275 | D:9      | Killed a cyclops
 10276 | D:9      | Reached XP level 10. HP: 82/86 MP: 13/13
 10456 | D:9      | Found a shimmering blue altar of Sif Muna.
 10479 | D:9      | Noticed a steelbarb worm
 10492 | D:9      | Killed a steelbarb worm
 10493 | D:9      | Reached skill level 10 in Armour
 10517 | D:9      | Reached skill level 11 in Axes
 11101 | D:9      | Found an iron altar of Okawaru.
 11103 | D:9      | Found a basalt altar of Yredelemnul.
 11108 | D:9      | Found a sparkling altar of Nemelex Xobeh.
 11151 | D:9      | Found a staircase to the Orcish Mines.
 11289 | D:10     | Entered Level 10 of the Dungeon
 11289 | D:10     | Found a staircase to the Lair.
 11377 | D:10     | Reached **** piety under the Shining One
 11469 | D:10     | Found a stormy altar of Qazlal.
 12059 | D:10     | Noticed Lodul
 12067 | D:10     | Killed Lodul
 12091 | D:10     | Reached XP level 11. HP: 69/95 MP: 15/15
 12140 | D:10     | Reached skill level 12 in Axes
 12381 | D:11     | Noticed a brown ugly thing
 12392 | D:10     | Killed a brown ugly thing
 12471 | D:11     | Noticed a two-headed ogre
 12479 | D:11     | Killed a two-headed ogre
 12517 | D:11     | The Shining One protects you from harm!
 12518 | D:11     | Slain by a wyvern

Illustrated notes

Levels and vault maps discovered:
D:1:      lemuel_arrival_behind_the_door_large, layout_basic,
          ebering_ecumenical_altar_abandoned, minmay_tromino_v4_c
D:2:      layout_rooms, chequers_serial_rivers_small_a, hex_intersection,
          minmay_door_square, kennysheep_generic_room_8
D:3:      layout_rooms, uniq_crazy_yiuf_cottage
D:4:      layout_rooms, mainiacjoe_overflow_brackets, kennysheep_little_box,
          serial_shops, nicolae_shop_advertising_works
          [nicolae_subvault_shop_adworks]
D:5:      layout_basic, kennysheep_mini, uniq_duvessa
D:6:      layout_basic, mainiacjoe_overflow_cross_hatched,
          mainiacjoe_overflow_alcove_4, minmay_temple_entry_proselytizer,
          uniq_edmund
D:7:      layout_basic, nzn_wu_jian_council_hall,
          nicolae_overflow_hidden_temple, gup_ossuary_entry_pyramid
D:8:      layout_basic, fedhas_altar_fruit_tree, uniq_prince_ribbit1, uniq_erica
D:9:      layout_rooms, led_sif_book, minitemple
D:10:     layout_roguey, general_overflow_altar, lair_entry_dummy, uniq_lodul
D:11:     layout_rooms, serial_undead, serial_undead_d, serial_undead_b,
          serial_undead_b, serial_undead_b, serial_undead_b, serial_undead_b,
          eino_small_chamber_without_monster, chequers_serial_rivers_micro_a
Temple:   hellmonk_temple_forest_ring

Skill      XL: |  1  2  3  4  5  6  7  8  9 10 11 |
---------------+----------------------------------+-----
Fighting       | 4 5 6 7 8 |  8.7
Armour         | 4 5 6 7 9 10 11 | 11.0
Invocations    | 1 2 3 4 6 7 |  7.8
Axes           | 3 4 5 7 9 10 11 12 | 12.4
Shields        | 4 5 7 |  7.4
Evocations     | |  0.3

Action                   |  1- 3 |  4- 6 |  7- 9 | 10-12 || total
-------------------------+-------+-------+-------+-------++-------
Melee: War axe           |    77 |   138 |   284 |   157 ||   656
       Headbutt          |    11 |    15 |    57 |    45 ||   128
Invok: Divine Shield     |       |       |       |     1 ||     1
Evoke: Wand              |       |       |     2 |       ||     2
  Use: Scroll            |       |     6 |    15 |     3 ||    24
       Potion            |       |       |     8 |     3 ||    11
 Stab: Distracted        |       |     1 |       |       ||     1
       Invisible         |       |       |     1 |       ||     1
       Paralysed         |       |       |     1 |       ||     1
Armor: Scale mail        |    32 |    79 |   127 |    49 ||   287
       Chain mail        |       |       |     1 |    23 ||    24
Dodge: Dodged            |    27 |    60 |   136 |    68 ||   291
Block: Buckler           |    21 |    27 |    66 |   106 ||   220
       Reflection        |       |       |       |     4 ||     4
